 Dungeon Crawl Stone Soup version 0.28.0-45-g0d030f2227 (webtiles) character file.

Game seed: 10226383491194209789

3377 Descartes the Grappler (level 9, -2/88 HPs)
             Began as a Troll Chaos Knight on Apr 2, 2022.
             Was a Plaything of Xom.
             Slain by an orc warrior
             ... wielding a +0 trident
              (7 damage)
             ... in a bailey.
             The game lasted 00:16:55 (6591 turns).

Descartes the Grappler (Troll Chaos Knight)         Turns: 6591, Time: 00:16:55

Health: -2/88      AC: 12    Str: 22    XL:     9   Next: 74%
Magic:  17/17      EV:  6    Int: 12    God:    Xom [..*...]
Gold:   239        SH:  0    Dex: 11    Spells: 8/8 levels left

rFire   . . .      SeeInvis +     - Unarmed
rCold   . . .      Faith    .   (no shield)
rNeg    + . .      Spirit   .   i - +0 shadow dragon scales "Winavai" {-Tele Regen+ MP+9 Stlth++++}
rPois   .          Reflect  .   (helmet restricted)
rElec   .          Harm     .   D - +0 cloak
rCorr   .          Rampage  .   (gloves unavailable)
Will    .....      Clarity  +   (boots unavailable)
Stlth   +++....... NoTele   +   (no amulet)
HPRegen 1.84/turn               j - ring of positive energy
MPRegen 0.15/turn               (no ring)

@: flying
A: large, unfitting armour, claws 3, regeneration 1, shaggy fur 1, tough skin 1,
horns 1, talons 1, iridescent scales 2, see invisible, agile 1, clarity,
deformed body, robust 1, evolution 1
a: Renounce Religion


You were in a bailey.
You worshipped Xom.
You were a toy of Xom.
You visited 2 branches of the dungeon, and saw 9 of its levels.
You also visited: Sewer and Bailey.

You collected 491 gold pieces.
You spent 252 gold pieces at shops.

Inventory:

Hand Weapons
 p - a +2 quarterstaff of draining
 C - the +2 short sword "Zatozi" {vamp, rPois}
   (You took it off an orc on level 4 of the Dungeon)

   It occasionally heals its wielder for a portion of the damage dealt when it
   wounds a living foe.
   rPois:     It protects you from poison.
 H - a +1 dagger of chaos
 K - a +1 hand axe of flaming
 L - a +0 antimagic halberd
Missiles
 c - 214 stones
 g - 10 poisoned darts
 l - 3 atropa-tipped darts (quivered)
 E - a boomerang
 M - 2 javelins
Armour
 i - the +0 shadow dragon scales "Winavai" (worn) {-Tele Regen+ MP+9 Stlth++++}
   (You acquired it on level 6 of the Dungeon)

   MP:        It affects your magic capacity (+9).
   -Tele:     It prevents most forms of teleportation.
   Regen:     It increases your rate of health regeneration.
   Stlth:     It makes you much more stealthy.
 w - the +0 robe "Buwecer" {*Slow rF+ rN+ Dex+2 Archmagi}
   (You found it on level 4 of the Dungeon)

   Dex:       It affects your dexterity (+2).
   rF:        It protects you from fire.
   rN:        It protects you from negative energy.
   *Slow:     It may slow you when you take damage.
   Archmagi:  It increases the power of your magical spells.
 D - a +0 cloak (worn)
 I - the +0 robe of Agoraphobia {-Tele rElec SInv}
   (You found it on level 6 of the Dungeon)

   rElec:     It insulates you from electricity.
   SInv:      It lets you see invisible.
   -Tele:     It prevents most forms of teleportation.
Jewellery
 j - a ring of positive energy (left claw)
Wands
 y - a wand of flame (33)
 G - a wand of iceblast (2)
Scrolls
 b - a scroll of vulnerability
 e - 2 scrolls of silence
 m - 4 scrolls of immolation
 r - 4 scrolls of noise
 s - 2 scrolls of magic mapping
 t - 4 scrolls of enchant armour
 u - 4 scrolls of teleportation
 z - 3 scrolls of enchant weapon
 A - a scroll of summoning
 B - a scroll of fog
 J - a scroll of amnesia
Potions
 a - a potion of degeneration {unknown}
 d - a potion of magic {unknown}
 f - 2 potions of might {unknown}
 h - 2 potions of attraction {unknown}
 k - 3 potions of mutation
 n - 2 potions of invisibility {unknown}
 o - a potion of heal wounds {unknown}
 q - 2 potions of flight
 v - a potion of brilliance {unknown}
 x - a potion of lignification {unknown}
 F - 3 potions of curing


   Skills:
 - Level 2.4 Fighting
 - Level 5.0 Throwing
 + Level 1.2 Armour
 - Level 2.0 Dodging
 + Level 1.9 Stealth
 * Level 10.3 Unarmed Combat
 + Level 5.1 Translocations


You had 8 spell levels left.
You didn't know any spells.
Your spell library contained the following spells:

 Spells                   Type           Power      Damage    Failure   Level
 Animate Skeleton         Necr           0%         N/A       97%         1
 Pain                     Necr           0%         1d4       97%         1
 Ensorcelled Hibernation  Hex/Ice        0%         N/A       99%         2
 Passwall                 Tmut/Erth      0%         N/A       99%         2
 Swiftness                Air            0%         N/A       100%        3
 Vampiric Draining        Necr           0%         2d6       100%        3
 Fulminant Prism          Conj/Hex       0%         3d6       100%        4
 Iskenderun's Mystic Bla  Conj/Tloc      6%         2d4       100%        4
 Lee's Rapid Deconstruct  Erth           0%         3d5*      100%        5


Dungeon Overview and Level Annotations

Branches:
Dungeon (8/15)             Temple (1/1) D:4           Sewer (visited)
 Bailey (1/1)
   Lair: D:8-11

Altars:
Ashenzari
Cheibriados
Dithmenos
Elyvilon
Gozag
Hepliaklqana
Kikubaaqudgha
Makhleb
Nemelex Xobeh
Okawaru
Qazlal
Ru
Sif Muna
Trog
Uskayaw
Wu Jian
Xom
Yredelemnul
Zin
The Shining One
Beogh

Shops:
D:1 :   D:6 ?


Innate Abilities, Weirdness & Mutations

You are too large for most types of armour.
You have claws for hands.
Your natural rate of healing is unusually fast.
You are covered in fur. (AC +1)
You have tough skin. (AC +1)
You have a pair of small horns on your head.
You have sharp toenails.
You are mostly covered in iridescent scales. (AC +4)
You have supernaturally acute eyesight. (SInv)
You are agile. (Dex +2)
You possess an exceptional clarity of mind.
Armour fits poorly on your strangely shaped body.
You are robust. (+10% HP)
You have hidden genetic potential.


Message History

It was a potion of curing.
You feel better.
The centaur throws a javelin.
The javelin pierces through you.
* * * LOW HITPOINT WARNING * * *
The centaur hits you but does no damage. "Go forth and cause havoc, mortal!"
You feel much better. The orc hits you but does no damage.
The centaur hits you from afar with a +0 trident!
* * * LOW HITPOINT WARNING * * *
The orc hits you but does no damage.
The centaur hits you but does no damage.
The centaur kicks you.
* * * LOW HITPOINT WARNING * * *
The orc hits you but does no damage.
The centaur hits you but does no damage.
The centaur kicks you.
* * * LOW HITPOINT WARNING * * *
The orc warrior hits you but does no damage.
You scratch the centaur but do no damage.
Your kick misses the centaur.
The centaur is heavily wounded.
The centaur hits you with a +0 trident.
* * * LOW HITPOINT WARNING * * *
The centaur kicks you but does no damage.
The orc hits you from afar with a +0 spear.
* * * LOW HITPOINT WARNING * * *
The orc warrior hits you from afar with a +0 spear.
* * * LOW HITPOINT WARNING * * *
The centaur hits you but does no damage. x2
The orc warrior hits you from afar with a +0 trident!
* * * LOW HITPOINT WARNING * * *
The centaur throws a javelin.
The javelin pierces through you.
* * * LOW HITPOINT WARNING * * *
The orc hits you from afar with a +0 spear.
* * * LOW HITPOINT WARNING * * *
You feel very buoyant.
You fly up into the air.
The orc hits you but does no damage.
The orc warrior hits you from afar with a +0 trident!
You die...
Xom snickers!

⌠)≈≈≈.......≈≈..≈##
.≈≈..≈≈≈≈≈≈≈....≈≈##
≈≈.≈≈≈.....≈≈≈.).≈≈##
≈.≈≈..≈≈≈≈≈..≈≈..⌠≈≈#
≈.≈.≈≈≈...≈≈≈.≈≈))≈≈#
.≈≈.≈..⌠.⌠..≈≈.≈...≈#
....≈..∩∩∩.....≈..)≈#
.≈≈.≈..⌠.⌠..≈≈o≈.).≈#
≈.≈.≈≈≈...≈≈≈.≈≈@.≈≈#
≈.≈≈..≈≈≈≈≈..≈≈..⌠≈≈#
≈≈.≈≈≈.....≈≈≈ooc≈≈##
)≈≈..≈≈≈≈≈≈≈..oo≈≈##
).≈≈≈.......≈≈).≈##
....≈≈≈≈≈≈≈≈≈...≈#
####.........○§.≈#
,,⌠##########°####
,,,,,...o.......$#


You could see 3 orc warriors, a centaur and 2 orcs.

Vanquished Creatures
  The ghost of Ablot the Grasshopper, an amateur GnWr of Okawaru (D:5)
  A fire bat (D:5)
  Menkaure (D:7)
  2 water moccasins
  An orc warrior (D:4)
  2 black bears
  A necrophage (D:4)
  5 centaurs
  The ghost of dangdung the Changer, an amateur OpTm (D:4)
  A gnoll sergeant (D:7)
  2 bullfrogs
  A wyvern zombie (D:7)
  2 scorpions (D:5)
  A wyvern skeleton (D:7)
  A water moccasin skeleton (D:5)
  3 centaur zombies
  2 hounds
  3 jellies (D:4)
  5 orc priests
  5 iguanas
  Natasha (twice) (D:3)
  2 orc wizards (D:8)
  A hound zombie (D:5)
  6 gnolls
  14 adders
  6 river rats
  A shadow imp (D:6)
  An ufetubus (D:5)
  4 worms
  3 dart slugs
  38 orcs
  10 ball pythons
  10 bats
  7 endoplasms
  4 giant cockroaches
  7 goblins
  4 hobgoblins
  13 jackals
  7 kobolds
  11 quokkas
  2 frilled lizards
  8 rats
202 creatures vanquished.

Notes
Turn   | Place    | Note
-------+----------+-------------------------------------------
     0 | D:1      | Descartes the Troll Chaos Knight began the quest for the
                  | Orb.
     0 | D:1      | Reached XP level 1. HP: 22/22 MP: 0/0
    32 | D:1      | Noticed a shining eye
    34 | D:1      | Found a faded altar of an unknown god.
    36 | D:1      | Noticed a golden eye
    36 | D:1      | Noticed a great orb of eyes
    36 | D:1      | Noticed a shining eye
   154 | D:1      | XOM: silly message
   438 | D:1      | Found Razus's Book Boutique.
   448 | D:1      | Reached XP level 2. HP: 29/29 MP: 1/1
   837 | D:2      | XOM: silly message
   899 | D:2      | Reached XP level 3. HP: 34/36 MP: 2/2
   915 | D:2      | Reached skill level 1 in Translocations
   934 | D:2      | XOM: stat loss: -1 Str (19/20)
   984 | D:2      | Reached skill level 4 in Unarmed Combat
  1122 | D:2      | XOM: chaos upgrade
  1128 | D:2      | XOM: blink monster(s)
  1200 | D:2      | Reached XP level 4. HP: 44/44 MP: 3/3
  1346 | D:2      | XOM: give mutations
  1346 | D:2      | Gained mutation: You are partially covered in iridescent
                  | scales. (AC +2) [Xom's grace]
  1346 | D:2      | Gained mutation: You have supernaturally acute eyesight.
                  | (SInv) [Xom's grace]
  1346 | D:2      | Gained mutation: You possess an exceptional clarity of
                  | mind. [Xom's grace]
  1373 | D:2      | XOM: divination: magic mapping
  1430 | D:2      | XOM: cloud trail
  1541 | D:3      | Found a glowing drain.
  1572 | D:3      | XOM: summons 4 friendly demons
  1591 | Sewer    | Entered a sewer
  1612 | Sewer    | XOM: god gift: +2 quarterstaff of draining
  1728 | Sewer    | Reached skill level 5 in Unarmed Combat
  1736 | Sewer    | Reached XP level 5. HP: 50/50 MP: 4/4
  1827 | Sewer    | XOM: give mutations
  1827 | Sewer    | Gained mutation: You have a pair of small horns on your
                  | head. [Xom's grace]
  1827 | Sewer    | Gained mutation: You are robust. (+10% HP) [Xom's grace]
  1827 | Sewer    | Gained mutation: You are mostly covered in iridescent
                  | scales. (AC +4) [Xom's grace]
  2012 | Sewer    | XOM: scenery: summon butterflies
  2109 | D:3      | XOM: scenery: summon butterflies
  2187 | D:3      | Noticed Natasha
  2193 | D:3      | Killed Natasha
  2334 | D:3      | Reached XP level 6. HP: 64/64 MP: 5/5
  2341 | D:3      | Found a basalt altar of Yredelemnul.
  2469 | D:3      | Reached skill level 6 in Unarmed Combat
  2471 | D:3      | Reached skill level 1 in Throwing
  2607 | D:3      | XOM is BORED!
  2607 | D:3      | XOM: noise
  2732 | D:4      | Found a staircase to the Ecumenical Temple.
  2742 | D:4      | Identified the +0 robe "Buwecer" {*Slow rF+ rN+ Dex+2
                  | Archmagi}
  2768 | Temple   | Entered the Ecumenical Temple
  2912 | D:4      | Reached XP level 7. HP: 72/72 MP: 6/6
  2999 | D:4      | XOM: blink monster(s)
  3043 | D:4      | Found a runed translucent gate.
  3044 | D:4      | Found a runed translucent gate.
  3045 | D:4      | Found a runed translucent gate.
  3045 | D:4      | Identified the +2 short sword "Zatozi" {vamp, rPois}
  3045 | D:4      | Identified the +3 ring mail of the Battered Stars {rElec}
  3045 | D:4      | Noticed dangdung's ghost (amateur OpTm)
  3048 | D:4      | Identified the +1 chain mail of Hide-and-Seek {Harm rPois
                  | Will- Dex+3}
  3111 | D:4      | XOM: noise
  3123 | D:4      | Found an ancient bone altar of Kikubaaqudgha.
  3287 | D:4      | Found a shimmering altar of Xom.
  3290 | D:4      | Found a hazy altar of Hepliaklqana.
  3291 | D:4      | Noticed a spectral ugly thing
  3408 | D:4      | XOM: butterfly on damage
  3413 | D:4      | Reached skill level 7 in Unarmed Combat
  3441 | D:3      | Noticed Natasha
  3448 | D:3      | Killed Natasha
  3503 | D:4      | Killed dangdung's ghost
  3610 | D:5      | Entered Level 5 of the Dungeon
  3699 | D:5      | XOM: silly message
  3727 | D:5      | Noticed a fire bat
  3727 | D:5      | a black bear changed into a fire bat
  3727 | D:5      | XOM: polymorph black bear -> fire bat
  3742 | D:5      | Killed a fire bat
  3743 | D:5      | Reached XP level 8. HP: 52/81 MP: 7/7
  3884 | D:5      | Found a large runed translucent door.
  3886 | D:5      | Found a large runed translucent door.
  3901 | D:5      | Noticed Ablot's ghost (amateur GnWr)
  3917 | D:5      | Killed Ablot's ghost
  3918 | D:5      | Reached skill level 8 in Unarmed Combat
  3920 | D:5      | XOM: cast spell 'Statue Form'
  4136 | D:5      | Found a broken altar of Ashenzari.
  4322 | D:5      | XOM is BORED!
  4633 | D:6      | Found Hod Kili's Magic Scroll Emporium.
  4713 | D:6      | XOM: confuse monster(s)
  4731 | D:6      | Reached skill level 9 in Unarmed Combat
  4796 | D:6      | Found a glowing golden altar of the Shining One.
  5063 | D:6      | Identified the +0 robe of Agoraphobia {-Tele rElec SInv}
  5093 | D:6      | Bought a scroll of enchant weapon for 97 gold pieces
  5093 | D:6      | Bought a scroll of amnesia for 45 gold pieces
  5093 | D:6      | Bought a scroll of identify for 26 gold pieces
  5093 | D:6      | Bought a scroll of magic mapping for 45 gold pieces
  5093 | D:6      | Bought a scroll of teleportation for 39 gold pieces
  5097 | D:6      | Identified a scroll of acquirement
  5101 | D:6      | Acquired the +0 shadow dragon scales "Winavai" {-Tele
                  | Regen+ MP+9 Stlth++++}
  5248 | D:7      | XOM: give mutations
  5248 | D:7      | Gained mutation: Armour fits poorly on your strangely
                  | shaped body. [Xom's mischief]
  5248 | D:7      | Gained mutation: You have hidden genetic potential. [Xom's
                  | mischief]
  5343 | D:7      | XOM: enchant monster (good)
  5346 | D:7      | XOM: confuse monster(s)
  5354 | D:7      | Reached XP level 9. HP: 88/88 MP: 8/8
  5354 | D:7      | XOM: cast spell 'Statue Form'
  5437 | D:7      | XOM: stat loss: -1 Dex (8/9)
  5447 | D:7      | XOM: summons friendly crimson imp
  5454 | D:7      | Reached skill level 1 in Stealth
  5498 | D:7      | Noticed Menkaure
  5501 | D:7      | XOM: enchant monster (good)
  5504 | D:7      | Killed Menkaure
  5763 | D:7      | Reached skill level 5 in Throwing
  5837 | D:7      | Gained mutation: You are agile. (Dex +2) [hidden potential]
  5876 | D:7      | Reached skill level 10 in Unarmed Combat
  5957 | D:7      | XOM: summons 1 hostile shadow creature
  6081 | D:7      | XOM: give mutation
  6081 | D:7      | Gained mutation: You have sharp toenails. [Xom's grace]
  6244 | D:7      | XOM: god gift: ring mail {god gift}
  6345 | D:8      | XOM: enchant monster (good)
  6349 | D:8      | Reached skill level 5 in Translocations
  6366 | D:8      | XOM: cloud trail
  6399 | D:8      | Found a flagged portal.
  6427 | Bailey   | Entered a bailey
  6440 | Bailey   | Reached skill level 1 in Armour
  6507 | Bailey   | XOM: divination: magic mapping
  6519 | Bailey   | XOM: divination: magic mapping
  6579 | Bailey   | XOM: smoke on damage
  6584 | Bailey   | XOM: potion effect (heal wounds)
  6590 | Bailey   | HP: 3/88 [orc/+0 spear (4)]
  6591 | Bailey   | Slain by an orc warrior

Illustrated notes

Levels and vault maps discovered:
D:1:      amcnicky_arrival_blooded_trapdoor, layout_basic, serial_shops, shop,
          hellmonk_ecumenical_altar_watching_god
D:2:      layout_loops_cross
D:3:      layout_loops_cross, nicolae_overflow_crystal_walls,
          portal_sewer_entry_c, uniq_natasha
D:4:      layout_basic, regret_index_temple_of_mockery,
          mainiacjoe_overflow_alcove_1, biasface_ghost_orc_armoury
D:5:      layout_basic, nicolae_ashenzari_skybound, ebering_ghost_disaster_area,
          chequers_decorated_corner
D:6:      layout_cave_pools, mainiacjoe_overflow_cross_hatched, serial_shops,
          shop_statue
D:7:      layout_basic, uniq_menkaure
D:8:      layout_basic, enter_bailey_2
Temple:   nicolae_temple_great_sept
Bailey:   bailey_polearm_flooded_kennysheep, bailey

Skill      XL: |  1  2  3  4  5  6  7  8  9 |
---------------+----------------------------+-----
Translocations | 1 2 3 4 5 |  5.1
Unarmed Combat | 4 5 6 7 9 10 | 10.3
Dodging        | 2 |  2.0
Throwing       | 1 3 4 5 |  5.0
Stealth        | 1 |  1.9
Armour         | 1 |  1.2
Fighting       | |  2.4

Action                   |  1- 3 |  4- 6 |  7- 9 || total
-------------------------+-------+-------+-------++-------
Melee: Unarmed           |    65 |   207 |   258 ||   530
       Punch             |       |     7 |    10 ||    17
       Headbutt          |       |    13 |    40 ||    53
       Kick              |       |       |    16 ||    16
  Use: Scroll            |       |       |    10 ||    10
       Potion            |       |       |     3 ||     3
 Stab: Sleeping          |       |     1 |     2 ||     3
       Confused          |       |       |     1 ||     1
       Petrified         |       |       |     2 ||     2
       Paralysed         |       |       |     2 ||     2
Armor: Robe              |    27 |    93 |    44 ||   164
       Skin              |       |       |    10 ||    10
       Shadow dragon sca |       |       |   123 ||   123
Dodge: Dodged            |    30 |   134 |   125 ||   289
